 Dungeon Crawl Stone Soup version 0.25-a0-410-g53dbb631d1 (webtiles) character file.

Game seed: 380385070824896249, levelgen mode: deterministic

137 MrRokkomies the Ducker (level 5, -2/21 HPs)
             Began as a Felid Venom Mage on Jan 13, 2020.
             Slain by an orc
             ... wielding a +0 hand axe
              (4 damage)
             ... on level 3 of the Dungeon.
             The game lasted 00:12:48 (4172 turns).

MrRokkomies the Ducker (Felid Venom Mage)           Turns: 4172, Time: 00:12:49

Health: -2/21      AC:  1    Str:  4    XL:     5   Next: 0%
Magic:  3/9        EV: 20    Int: 17    God:
Gold:   89         SH:  0    Dex: 17    Spells: 2/8 levels left
                                        Lives:  0   Deaths: 1

rFire    . . .     SeeInvis +     - Unarmed
rCold    . . .     Gourm    .   (shield unavailable)
rNeg     . . .     Faith    .   (armour unavailable)
rPois    .         Spirit   .   (helmet unavailable)
rElec    .         Reflect  .   (cloak unavailable)
rCorr    .         Harm     .   (gloves unavailable)
MR       .....                  (boots unavailable)
Stlth    +++.......             (no amulet)
HPRegen  0.07/turn              (no ring)
MPRegen  0.11/turn              (no ring)

@: quick
A: very small, no armour, no weapons or thrown items, stealth, claws 1, fangs 3,
see invisible, carnivore, speed 1, shaggy fur 1, slow metabolism 1, sharp paws
a: no special abilities


You were on level 3 of the Dungeon.
You were not hungry.

You visited 1 branch of the dungeon, and saw 3 of its levels.

You collected 89 gold pieces.

Inventory:

Wands
 h - a wand of polymorph (3)
Scrolls
 d - 2 scrolls of identify
Potions
 g - a potion of curing
Comestibles
 b - 4 rations


   Skills:
 * Level 5.1 Dodging
 + Level 4.2 Stealth
 + Level 2.0 Unarmed Combat
 - Level 2.0 Spellcasting
 - Level 1.1 Transmutations
 * Level 4.1 Poison Magic


You had 2 spell levels left.
You knew the following spells:

 Your Spells              Type           Power        Failure   Level  Hunger
a - Sting                 Tmut/Pois      ##..         7%          1    #......
b - Poisonous Vapours     Pois/Air       #.....       13%         2    ###....
c - Mephitic Cloud        Conj/Pois/Air  #.......     32%         3    ###....

Your spell library contained the following spells:

 Spells                   Type           Power        Failure   Level  Hunger
 Ignite Poison            Fire/Tmut/Pois #.......     28%         3    ###....
 Olgreb's Toxic Radiance  Pois           ###.....     34%         4    #####..


Dungeon Overview and Level Annotations

Branches:
Dungeon (3/15)

Altars:
Gozag
Trog
Zin


Innate Abilities, Weirdness & Mutations

You cannot wear armour.
You are incapable of wielding weapons or throwing items.
Your paws allow you to move quietly. (Stealth)
You have sharp claws.
You have razor-sharp teeth.
You have supernaturally acute eyesight. (SInv)
You are carnivorous and can eat meat at any time.
You cover ground quickly.
You are covered in fur. (AC +1)
You have a slow metabolism.
Your sharp claws are effective at attacking unaware monsters.


Message History

Press: ? - help, Shift-Dir - straight line, f - orc
Aim: an orc, wielding a +0 hand axe and wearing a +0 ring mail The sting hits the orc but does no damage.
The orc is poisoned.
The orc completely misses you.
Casting: Sting (safe; 7% risk of failure)
Confirm with . or Enter, or press ? or * to list all spells.
Aiming: Sting (safe; 7% risk of failure)
Press: ? - help, Shift-Dir - straight line, f/p - orc
Aim: an orc, wielding a +0 hand axe and wearing a +0 ring mail (lightly wounded, poisoned)
The sting hits the orc.
The orc looks even sicker.
The orc is heavily wounded.
The orc completely misses you.
You barely miss the orc.
The orc is heavily wounded.
The orc hits you with a +0 hand axe.
* * * LOW HITPOINT WARNING * * *
You scratch the orc but do no damage.
The orc is severely wounded.
The orc hits you with a +0 hand axe.
You die...

#########..############..........
#########........................
#................................
#.#.........###########........#.
#.#.#####.#.# #........'.
#'#.#.....#.# #.......##.
....#.#####.# ####........†.
....#.#.....########..........##.
.>..............@o.'.............
#'#.#.#.####.#######.....###.....
#.#.#.#.# #.# #.....# #.....
#.#...#.# #.### #.....# #.....
#.#####.# ##...### #.....# #...#.
.....# .# #..#...###.....# #...#.
.....# .###........####### #####.
.....# .##.........)†..### #.
###### ##........#.##...### #.


You could see an orc.

Vanquished Creatures
  A bullfrog (D:2)
  Crazy Yiuf (D:2)
  An orc wizard (D:3)
  3 adders
  An ooze (D:1)
  2 worms
  3 dart slugs
  A leopard gecko (D:1)
  8 orcs (D:3)
  A giant cockroach (D:3)
  4 goblins
  4 hobgoblins
  4 jackals (D:1)
  9 kobolds
  A quokka (D:3)
  3 ball pythons
  4 bats
  9 frilled lizards
  7 rats
67 creatures vanquished.

Notes
Turn   | Place    | Note
-------+----------+-------------------------------------------
     0 | D:1      | MrRokkomies the Felid Venom Mage began the quest for the
                  | Orb.
     0 | D:1      | Reached XP level 1. HP: 7/7 MP: 4/4
   156 | D:1      | Reached skill level 3 in Dodging
   156 | D:1      | Reached XP level 2. HP: 5/11 MP: 0/6
  1429 | D:1      | Learned a level 2 spell: Poisonous Vapours
  1462 | D:2      | Reached XP level 3. HP: 12/14 MP: 2/7
  1481 | D:2      | Found a bloodstained altar of Trog.
  1482 | D:2      | Reached skill level 1 in Unarmed Combat
  1545 | D:2      | Learned a level 3 spell: Mephitic Cloud
  1867 | D:2      | Found a runed translucent door.
  1868 | D:2      | Noticed Crazy Yiuf
  1880 | D:2      | Killed Crazy Yiuf
  1951 | D:2      | Reached XP level 4. HP: 11/18 MP: 8/8
  2000 | D:2      | Reached skill level 4 in Dodging
  2687 | D:2      | Noticed a bullfrog
  2696 | D:2      | Killed a bullfrog
  2696 | D:2      | Reached XP level 5. HP: 15/21 MP: 1/9
  2779 | D:2      | Found an opulent altar of Gozag.
  2779 | D:2      | Found a glowing silver altar of Zin.
  3138 | D:3      | HP: 1/21 [orc wizard/puff of flame (10)]
  3603 | D:2      | Slain by an orc
  3604 | D:2      | Reached XP level 4. HP: 0/18 MP: 0/8
  3887 | D:3      | Reached skill level 5 in Dodging
  4168 | D:3      | Reached XP level 5. HP: 8/21 MP: 5/9
  4172 | D:3      | Slain by an orc

Levels and vault maps discovered:
D:1:      giann_wishing_wells, layout_basic
D:2:      layout_rooms, grunt_temple_overflow_gold_and_silver,
          nicolae_overflow_crystal_walls, chequers_big_river,
          uniq_crazy_yiuf_cottage
D:3:      minmay_skewed_foursquare, layout_basic, chequers_serial_rivers_micro_a

Skill      XL: |  1  2  3  4  5 |
---------------+----------------+-----
Dodging        | 3 5 |  5.1
Stealth        | 3 4 |  4.2
Poison Magic   | 3 4 |  4.1
Unarmed Combat | 1 2 |  2.0
Spellcasting   | |  2.0
Transmutations | |  1.1

Action                   |  1- 3 |  4- 6 || total
-------------------------+-------+-------++-------
Melee: Unarmed           |    54 |   102 ||   156
       Bite              |     5 |     9 ||    14
       Punch             |       |     1 ||     1
 Cast: Sting             |    22 |    46 ||    68
       Poisonous Vapours |     4 |     8 ||    12
  Use: Scroll            |       |     4 ||     4
       Potion            |       |     1 ||     1
 Stab: Sleeping          |     3 |     2 ||     5
       Distracted        |       |     2 ||     2
  Eat: Chunk             |     1 |     5 ||     6
Armor: Skin              |     3 |     9 ||    12
Dodge: Dodged            |    69 |   131 ||   200

Table legend:
 A = Non-vault XP
 B = Vault XP
 C = Vault XP percentage of total XP
 D = Non-vault monster count
 E = Vault monster count
 F = Vault count percentage of total count
                 A         B        C        D         E       F
            +---------+---------+-------+---------+---------+-------
      Total |     285 |      49 |  14.7 |      62 |       5 |   7.5
            +---------+---------+-------+---------+---------+-------
        D:1 |      38 |       0 |   0.0 |      17 |       0 |   0.0
        D:2 |     153 |      39 |  20.3 |      21 |       1 |   4.5
        D:3 |      94 |      10 |   9.6 |      24 |       4 |  14.3
            +---------+---------+-------+---------+---------+-------
